Map: Deathaura LE

Players

MaSa - Winner!

  • Race: Terran Terran
  • League: Master
  • Spawn Location: 5:00

Asuna

  • Race: Protoss Protoss
  • League: Master
  • Spawn Location: 11:00

Event: DreamHack SC2 Masters 2020 Winter

VOD

Have the link to the VOD?

Description

Time

  • Played on: Oct. 27, 2020, 5:28 p.m.
  • Length: 16:24

All games in this series

Show
View Real Time Build Order
Export as new Build Order

MaSa Terran - Winner!

Build Orders: Liberator Opening 

Get SALT Encoding   

  12  0:00  SCV  
  13  0:12  SCV  
  14  0:16  Supply Depot  
  14  0:24  SCV  
  15  0:38  SCV  
  15  0:39  Barracks  
  16  0:44  Refinery  
  16  0:50  SCV  
  17  1:02  SCV  
  18  1:10  Engineering Bay  
  18  1:14  SCV  
  19  1:25  Marine  
  19  1:27  Orbital Command  
  19  1:31  Supply Depot  
  19  1:49  Factory  
  19  1:55  SCV  
  20  2:03  Barracks Reactor  
  20  2:10  Command Center  
  20  2:13  SCV  
  21  2:19  Refinery  
  21  2:25  SCV  
  22  2:37  SCV  
  22  2:40  Starport  
  22  2:44  Hellion x2  
  27  2:49  SCV, Barracks Tech Lab  
  27  3:05  Hellion x2  
  31  3:10  SCV  
  31  3:34  SCV, Medivac  
  34  3:35  Orbital Command  
  34  3:36  Marine x2  
  34  3:40  Siege Tank  
  39  3:46  SCV  
  39  3:47  Supply Depot  
  40  3:50  Bunker  
  40  3:54  Marine  
  40  3:55  Marine  
  41  3:58  SCV  
  41  4:01  SCV  
  44  4:10  Liberator  
  44  4:12  SCV  
  44  4:13  Supply Depot  
  44  4:15  Marine  
  49  4:18  Marine  
  49  4:21  SCV  
  51  4:24  SCV  
  52  4:33  SCV  
  52  4:35  Supply Depot, Cyclone  
  56  4:39  Marine x2  
  56  4:40  SCV  
  60  4:45  SCV  
  58  4:54  Command Center  
  58  4:56  Starport Reactor  
  58  5:01  SCV  
  58  5:04  Supply Depot  
  57  5:07  SCV  
  56  5:15  SCV, Factory Reactor  
  56  5:17  Barracks  
  56  5:18  Barracks  
  56  5:20  SCV  
  56  5:21  Stimpack, Marine  
  55  5:29  SCV  
  55  5:32  SCV  
  55  5:34  Engineering Bay  
  57  5:36  Refinery  
  57  5:38  Marine  
  57  5:41  SCV  
  59  5:45  SCV  
  57  5:51  Starport Reactor  
  57  5:53  SCV, Widow Mine, Barracks  
  57  5:54  Widow Mine, Barracks  
  62  5:57  SCV  
  62  6:00  Terran Infantry Weapons Level 1  
  62  6:01  Marine  
  64  6:05  SCV  
  64  6:09  SCV, Orbital Command  
  64  6:10  Marine x2  
  68  6:17  SCV  
  68  6:18  Supply Depot, Widow Mine x2  
  72  6:25  Marine x3  
  71  6:26  SCV  
  71  6:28  Medivac  
  71  6:29  Orbital Command  
  71  6:30  Refinery  
  71  6:32  Medivac  
  76  6:34  SCV  
  76  6:35  Marine  
  76  6:36  Marine  
  79  6:41  Barracks Reactor  
  79  6:42  Marine  
  79  6:43  Marine, Barracks Tech Lab  
  79  6:44  Marine  
  84  6:47  SCV, Widow Mine  
  84  6:48  SCV  
  84  6:53  Marine  
  87  6:54  Missile Turret  
  87  6:56  Marine  
  87  6:58  SCV  
  87  6:59  SCV  
  87  7:00  SCV, Marine x2  
  93  7:05  Marine  
  93  7:07  Combat Shield, Marauder  
  94  7:10  SCV  
  94  7:11  SCV, Marine  
  94  7:12  SCV  
  98  7:19  Widow Mine  
  98  7:22  SCV  
  101  7:24  Concussive Shells  
  101  7:25  Supply Depot  
  101  7:27  SCV, Marine x3  
  101  7:28  Marauder, Widow Mine  
  109  7:35  Supply Depot  
  109  7:36  Bunker  
  109  7:38  Supply Depot  
  109  7:45  Starport  
  109  7:46  SCV x2, Medivac, Marine x2  
  109  7:47  Marauder  
  117  7:51  Supply Depot  
  117  7:56  Marine x4  
  117  7:57  SCV, Widow Mine  
  124  7:59  SCV, Medivac  
  124  8:04  Marauder, Marine x2  
  124  8:05  SCV  
  132  8:09  SCV, Marauder  
  132  8:10  Terran Infantry Armor Level 1  
  132  8:11  Supply Depot  
  131  8:18  Viking  
  133  8:20  SCV  
  133  8:22  Marine  
  133  8:26  Marauder  
  137  8:27  SCV x2  
  137  8:30  Armory  
  137  8:31  Viking  
  137  8:33  Viking  
  143  8:39  Supply Depot  
  143  8:40  SCV, Refinery x2  
  144  8:49  Command Center, Marine  
  144  8:50  Marauder  
  147  8:56  SCV, Marine  
  147  8:57  Marauder  
  149  9:09  Viking x3  
  151  9:11  Marauder  
  151  9:12  SCV  
  151  9:14  SCV x2  
  151  9:23  Viking  
  151  9:24  SCV  
  152  9:30  Marauder, Marine x4  
  157  9:46  Supply Depot  
  157  9:47  Supply Depot  
  157  9:54  SCV  
  157  9:55  Marine  
  157  9:56  Viking, Marine x2  
  157  9:57  Marauder x2  
  157  9:59  SCV x2  
  155  10:00  Marine  
  155  10:03  Viking  
  155  10:04  Viking  
  155  10:06  Marine  
  155  10:07  Viking, Marine  
  152  10:12  Marine  
  156  10:14  Marine  
  156  10:18  Marauder x2  
  146  10:21  Marine x2  
  146  10:25  Viking  
  143  10:29  SCV  
  143  10:33  Viking  
  143  10:34  Medivac, Marine x2  
  146  10:37  SCV x2, Medivac  
  146  10:39  Marauder  
  146  10:40  Marauder  
  146  10:41  SCV, Command Center  
  147  10:45  Terran Infantry Weapons Level 2  
  147  10:48  Engineering Bay  
  147  10:50  Terran Ship Weapons Level 1, SCV  
  147  10:51  SCV  
  147  10:54  Marine  
  147  10:55  Medivac  
  150  10:58  SCV  
  150  10:59  Marine x4  
  150  11:01  Marauder x2  
  150  11:03  Medivac  
  159  11:06  Refinery  
  159  11:07  Barracks x2  
  159  11:09  Barracks  
  159  11:10  Marine  
  156  11:12  Marine  
  156  11:13  Medivac  
  156  11:16  Viking  
  156  11:18  Terran Infantry Armor Level 2  
  161  11:21  Ghost Academy  
  161  11:22  Marauder x2  
  161  11:23  Missile Turret  
  161  11:24  Planetary Fortress  
  165  11:29  Marine x3  
  165  11:30  Marine x2  
  170  11:36  Viking x2  
  174  11:42  Marine  
  174  11:43  Marauder, Marine  
  174  11:44  Viking  
  174  11:46  Viking  
  182  11:47  Supply Depot, Marine  
  182  11:48  Supply Depot  
  182  11:49  Marine x4  
  182  11:50  Refinery  
  187  11:57  Enhanced Shockwaves  
  187  12:01  Ghost  
  187  12:04  Ghost  
  187  12:06  Viking  
  191  12:09  Marine  
  191  12:11  Marine x2  
  191  12:14  SCV  
  181  12:18  Viking  
  170  12:28  Marine  
  169  12:30  Marauder  
  169  12:33  Marauder, Marine  
  169  12:34  Marine x4  
  169  12:42  Medivac  
  169  12:43  Medivac x2  
  170  12:46  Marine  
  170  12:48  Medivac  
  175  12:52  Barracks Reactor, Marauder, Barracks Tech Lab x2  
  175  12:55  Marauder  
  175  12:56  Planetary Fortress  
  176  12:58  Marine x2  
  176  12:59  Marine x3  
  176  13:02  SCV  
  176  13:04  Marine  
  183  13:10  SCV x2, Missile Turret  
  183  13:12  Viking x2, Terran Infantry Weapons Level 3  
  185  13:13  Marauder  
  185  13:14  SCV  
  185  13:16  Marauder  
  194  13:21  Viking  
  194  13:22  Command Center  
  194  13:24  Viking  
  198  13:30  Terran Ship Weapons Level 2  
  198  13:33  Ghost  
  198  13:34  Refinery  
  198  13:35  Refinery  
  200  13:53  Marauder, Marine  
  196  13:56  Viking x2  
  190  14:03  Marauder  
  190  14:06  Marauder x2, Marine x4  
  200  14:14  Marine x2  
  198  14:21  Marine  
  198  14:22  Marauder  
  198  14:23  Marine  
  168  14:24  Marauder  
  168  14:28  Marauder x2  
  168  14:31  Marine x3  
  163  14:34  Marine  
  163  14:35  Medivac x3, Marine x2  
  163  14:36  Viking  
  166  14:39  Marine  
  166  14:40  Orbital Command, Marine  
  166  14:42  Command Center  
  166  14:43  Marauder  
  160  14:46  Marauder  
  160  14:49  Marauder x2, Marine x3  
  161  14:56  Marine x2  
  161  14:57  Marine x2  
  161  14:59  Sensor Tower x2  
  165  15:02  Marine  
  165  15:04  Marauder  
  165  15:05  Medivac x3  
  165  15:06  Medivac  
  176  15:07  Marauder, Marine x2  
  176  15:10  Marauder  
  176  15:11  Marauder  
  184  15:21  Marine x6  
  185  15:26  Marauder  
  185  15:28  Ghost  
  194  15:31  Ghost  
  194  15:32  Marauder  
  194  15:35  Medivac, Command Center  
  200  15:38  Orbital Command  
  200  15:44  Command Center  
  199  15:50  Marine  
  199  15:53  Marauder  
  199  15:57  Marauder, Marine  
  199  16:00  Marauder x2, Marine x3  
Show
View Real Time Build Order
Export as new Build Order

Asuna Protoss 

Build Orders: Phoenix Opening 

Get SALT Encoding   

  12  0:00  Probe  
  13  0:15  Pylon  
  13  0:20  Probe  
  14  0:32  Probe (Chrono Boost)  
  14  0:34  Gateway  
  16  0:43  Probe (Chrono Boost), Assimilator  
  16  0:48  Probe (Chrono Boost)  
  17  0:59  Probe  
  18  1:11  Probe  
  19  1:23  Probe  
  19  1:24  Cybernetics Core  
  20  1:35  Probe  
  20  1:39  Pylon  
  21  1:41  Assimilator  
  21  1:47  Probe  
  22  1:57  Adept (Chrono Boost)  
  22  1:59  Probe  
  25  2:01  Shield Battery  
  25  2:02  Warp Gate  
  25  2:15  Nexus  
  25  2:19  Adept (Chrono Boost)  
  27  2:26  Probe  
  28  2:36  Pylon  
  28  2:38  Probe  
  29  2:45  Stargate  
  29  2:50  Probe  
  30  3:00  Adept  
  30  3:02  Probe  
  33  3:14  Probe  
  34  3:21  Gateway  
  34  3:26  Probe  
  35  3:27  Shield Battery  
  35  3:29  Phoenix (Chrono Boost)  
  35  3:33  Probe  
  38  3:38  Probe  
  39  3:45  Probe, Phoenix (Chrono Boost)  
  42  3:53  Probe  
  43  4:04  Probe, Phoenix (Chrono Boost)  
  43  4:06  Robotics Facility  
  43  4:09  Probe  
  47  4:10  Assimilator  
  47  4:15  Pylon  
  47  4:16  Probe  
  48  4:19  Assimilator  
  48  4:25  Probe  
  48  4:28  Probe  
  48  4:30  Phoenix  
  52  4:37  Probe  
  53  4:39  Pylon  
  53  4:49  Probe  
  53  4:56  Observer  
  53  4:57  Probe  
  53  4:58  Phoenix  
  57  5:01  Probe  
  58  5:09  Probe  
  58  5:13  Probe  
  60  5:20  Pylon  
  60  5:21  Probe, Robotics Bay, Observer  
  61  5:25  Probe  
  63  5:29  Phoenix  
  63  5:31  Pylon  
  66  5:35  Stalker x2  
  66  5:38  Probe  
  66  5:39  Nexus  
  68  5:43  Probe  
  67  5:50  Probe, Shield Battery  
  67  5:51  Observer  
  67  5:55  Probe  
  70  5:57  Phoenix  
  70  5:59  Sentry  
  70  6:03  Gateway  
  74  6:07  Probe x2  
  76  6:19  Probe  
  76  6:24  Phoenix, Colossus (Chrono Boost)  
  77  6:29  Probe  
  77  6:31  Probe, Pylon  
  85  6:35  Extended Thermal Lance  
  85  6:41  Probe  
  85  6:42  Pylon  
  85  6:45  Observer  
  85  6:46  Pylon  
  86  6:49  Probe  
  86  6:50  Phoenix  
  86  6:53  Probe  
  90  6:55  Probe  
  90  7:00  Assimilator  
  92  7:01  Probe  
  92  7:02  Assimilator  
  90  7:15  Phoenix, Colossus (Chrono Boost)  
  91  7:19  Probe (Chrono Boost)  
  91  7:20  Probe (Chrono Boost)  
  99  7:22  Gateway, Observer  
  99  7:23  Probe (Chrono Boost)  
  99  7:24  Gateway  
  100  7:32  Probe x2 (Chrono Boost)  
  100  7:34  Sentry x2  
  100  7:35  Probe (Chrono Boost), Zealot  
  109  7:37  Probe (Chrono Boost)  
  109  7:39  Probe (Chrono Boost)  
  109  7:40  Twilight Council  
  109  7:43  Probe  
  111  7:48  Probe  
  111  7:49  Forge  
  113  7:55  Phoenix  
  115  8:04  Pylon  
  112  8:08  Colossus (Chrono Boost)  
  112  8:18  Pylon  
  112  8:20  Phoenix (Chrono Boost)  
  114  8:29  Pylon  
  114  8:32  Charge (Chrono Boost), Protoss Ground Weapons Level 1 (Chrono Boost)  
  114  8:41  Photon Cannon  
  114  8:42  Phoenix (Chrono Boost)  
  114  8:43  Pylon  
  114  8:45  Stargate, Photon Cannon  
  116  8:50  Zealot x5  
  122  8:59  Probe  
  122  9:00  Probe  
  99  9:12  Phoenix  
  99  9:14  Probe x2 (Chrono Boost)  
  100  9:24  Probe (Chrono Boost)  
  100  9:26  Probe x2 (Chrono Boost)  
  99  9:31  Zealot x5  
  99  9:34  Probe x2 (Chrono Boost)  
  99  9:35  Probe (Chrono Boost)  
  112  9:41  Phoenix x2, Colossus (Chrono Boost)  
  112  9:44  Probe  
  124  9:45  Probe  
  124  9:48  Probe  
  125  9:56  Probe  
  124  10:03  Probe x2, Zealot x2  
  124  10:04  Zealot x3  
  130  10:08  Probe, Phoenix (Chrono Boost)  
  131  10:15  Probe  
  131  10:18  Phoenix (Chrono Boost)  
  124  10:27  Stalker x5  
  124  10:28  Phoenix (Chrono Boost), Observer (Chrono Boost)  
  131  10:34  Phoenix  
  121  10:40  Probe x3  
  124  10:45  Colossus (Chrono Boost)  
  124  10:48  Phoenix  
  132  10:54  Photon Cannon  
  132  11:01  Pylon  
  132  11:04  Phoenix  
  132  11:07  Pylon  
  131  11:13  Protoss Ground Weapons Level 2 (Chrono Boost), Phoenix  
  133  11:21  Nexus  
  133  11:23  Colossus (Chrono Boost)  
  133  11:24  Pylon  
  139  11:37  Photon Cannon  
  139  11:38  Shield Battery  
  139  11:42  Zealot x2  
  143  11:49  Probe x3  
  143  11:50  Photon Cannon  
  146  11:58  Assimilator  
  146  12:01  Probe x2  
  148  12:03  Assimilator  
  148  12:04  Templar Archives  
  148  12:05  Protoss Air Weapons Level 1 (Chrono Boost)  
  148  12:09  Disruptor (Chrono Boost)  
  125  12:24  Nexus  
  125  12:26  Photon Cannon  
  123  12:35  Colossus (Chrono Boost)  
  119  12:38  Phoenix x2  
  119  12:44  Probe  
  128  12:47  Probe x2  
  128  12:49  Fleet Beacon  
  130  12:56  Probe  
  131  12:59  Probe  
  131  13:05  High Templar x3  
  138  13:06  Zealot, High Templar  
  138  13:10  Gateway  
  138  13:11  Archon x2  
  142  13:13  Gateway  
  142  13:15  Gateway  
  142  13:20  Colossus (Chrono Boost)  
  142  13:26  Photon Cannon  
  148  13:31  Photon Cannon  
  148  13:34  Probe x2  
  148  13:40  Carrier x2 (Chrono Boost)  
  162  13:59  Colossus (Chrono Boost)  
  142  14:09  Sentry x3  
  153  14:12  Zealot  
  153  14:13  Zealot x4  
  132  14:35  Nexus  
  132  14:37  Phoenix x2  
  122  14:40  Zealot x4  
  122  14:44  Pylon  
  130  14:46  Nexus  
  129  14:53  Pylon  
  129  15:06  Photon Cannon  
  129  15:08  Zealot x2, Colossus (Chrono Boost), Photon Cannon  
  129  15:10  Shield Battery  
  129  15:13  Pylon  
  139  15:19  High Templar  
  141  15:22  Pylon  
  141  15:35  High Templar x2  
  145  15:36  High Templar  
  145  15:40  Archon x2  
  147  15:48  Zealot x4  
  147  16:00  Zealot  
  122  16:08  Zealot x5  
  122  16:09  Zealot  
Tags
 
Add a new tag
Caveats
  • Supply blocks, unpowered buildings, or Contaminate may cause inaccurate times.
  • Supply counts are checked every 10 seconds.